 Dungeon Crawl Stone Soup version 0.27-a0-732-ga892ba84f6 (webtiles) character file.

Game seed: 7115455941901590652

2 friendo the Shield-Bearer (level 1, 0/22 HPs)
             Began as a Troll Fighter on Mar 24, 2021.
             Succumbed to an adder's poison
             ... on level 2 of the Dungeon.
             The game lasted 00:00:20 (44 turns).

friendo the Shield-Bearer (Troll Fighter)             Turns: 44, Time: 00:00:20

Health: 0/22       AC:  4    Str: 23    XL:     1   Next: 33%
Magic:  0/0        EV:  7    Int:  4    God:
Gold:   0          SH:  8    Dex:  9    Spells: 0/0 levels left

rFire    . . .     SeeInvis .     - Unarmed
rCold    . . .     Faith    .   b - +0 kite shield
rNeg     . . .     Spirit   .   a - +0 robe
rPois    .         Reflect  .   (helmet restricted)
rElec    .         Harm     .   (no cloak)
rCorr    .         Rampage  .   (gloves unavailable)
Will     .....                  (boots unavailable)
Stlth    +.........             (no amulet)
HPRegen  1.07/turn              (no ring)
MPRegen  0.07/turn              (no ring)

@: lethally poisoned (0 -> -4)
A: large, unfitting armour, claws 3, regeneration 1, shaggy fur 1, tough skin 1
a: no special abilities


You were on level 2 of the Dungeon.
You visited 1 branch of the dungeon, and saw 2 of its levels.

Inventory:

Armour
 a - a +0 robe (worn)
 b - a +0 kite shield (worn)
Potions
 c - a potion of might


   Skills:
 + Level 2.4 Fighting
 + Level 2.4 Dodging
 + Level 2.4 Shields
 + Level 2.0 Unarmed Combat


You couldn't memorise any spells.
You didn't know any spells.
Your spell library was empty.

Dungeon Overview and Level Annotations

Branches:
Dungeon (2/15)

Altars:


Innate Abilities, Weirdness & Mutations

You are too large for most types of armour.
You have claws for hands.
Your natural rate of healing is unusually fast.
You are covered in fur. (AC +1)
You have tough skin. (AC +1)


Message History

The bat barely misses you. The adder bites you but does no damage.
You miss the adder.
The adder is heavily wounded.
You block the bat's attack. The bat hits you but does no damage.
The adder closely misses you. The adder bites you. You block the bat's attack.
The adder bites you but does no damage.
You barely miss the bat. The bat hits you but does no damage.
The adder bites you.
You are poisoned.
The adder poisons you! The adder bites you.
You are more poisoned.
The adder poisons you!
Ouch! That really hurt!
* * * LOW HITPOINT WARNING * * *
You feel extremely sick. You block the bat's attack.
Things that are here:
a +0 short sword; a stone; a kobold corpse You feel sick.
You block the bat's attack.
You feel sick. You block the bat's attack. The adder bites you.
* * * LOW HITPOINT WARNING * * *
The bat closely misses you.
You feel sick. You block the bat's attack.
You feel sick.
You are no longer poisoned.
The bat closely misses you. The bat barely misses you.
You block the adder's attack. The bat hits you but does no damage.
The bat hits you but does no damage. The bat barely misses you.
You block the adder's attack. You block the bat's attack. The adder bites you.
* * * LOW HITPOINT WARNING * * *
The bat barely misses you. The adder bites you.
* * * LOW HITPOINT WARNING * * *
You block the bat's attack. The adder bites you but does no damage.
You block the bat's attack. The adder bites you.
* * * LOW HITPOINT WARNING * * *
You are lethally poisoned!
The adder poisons you! The bat hits you but does no damage.
You die...

...### ##...###
. #......### ..
##........###.#
#......[......#
##.....).)..#
#...........#
##..b.......##
#...@.......#
###...S....##
###......#
###...## ###.#
.# .# ##


You could see an adder and a bat.

Vanquished Creatures
  A goblin (D:2)
  A kobold (D:2)
2 creatures vanquished.

Notes
Turn   | Place    | Note
-------+----------+-------------------------------------------
     0 | D:1      | friendo the Troll Fighter began the quest for the Orb.
     0 | D:1      | Reached XP level 1. HP: 22/22 MP: 0/0
    44 | D:2      | Succumbed to an adder's poison

Illustrated notes

Levels and vault maps discovered:
D:1:      amcnicky_arrival_gap_in_the_tavern_cellar, layout_basic
D:2:      minmay_skewed_foursquare, layout_basic,
          nzn_overflow_gifts_of_might_and_magic, tso_altar,
          nicolae_overflow_hidden_temple

Action                   || total
-------------------------++-------
Melee: Unarmed           ||    17
Armor: Robe              ||    26
Dodge: Dodged            ||    23
Block: Kite shield       ||    28

Table legend: (Time is in decaauts)
 A = Elapsed time spent in this place.
 B = Non-inter-level travel time spent in this place.
 C = Inter-level travel time spent in this place.
 D = Time resting spent in this place.
 E = Time spent auto-exploring this place.
 F = Levels seen in this place.
 G = Mean time per level.
                   A        B        C        D        E       F      G
               +--------+--------+--------+--------+--------+-----+--------+
         Total |     46 |     46 |      0 |      0 |      0 |   2 |   23.0 |
       Dungeon |     46 |     46 |      0 |      0 |      0 |   2 |   23.0 |
               +--------+--------+--------+--------+--------+-----+--------+

Top non-repeatable levels by time:
     D:2: 39 daAuts
     D:1: 7 daAuts
